 Dungeon Crawl Stone Soup version 0.28.0 (webtiles) character file.

Game seed: 1678453914957585222

414317 sanka the Acrobat (level 22, -36/132 HPs)
             Began as a Deep Elf Transmuter on Feb 8, 2022.
             Was the Champion of Okawaru.
             Annihilated by a titan (63 damage)
             ... on level 5 of the Vaults.
             The game lasted 02:26:26 (53358 turns).

sanka the Acrobat (Deep Elf Transmuter)            Turns: 53358, Time: 02:26:27

Health: -36/132    AC: 26    Str:  7    XL:     22   Next: 53%
Magic:  0/42       EV: 48    Int: 28    God:    Okawaru [******]
Gold:   2152       SH:  0    Dex: 25    Spells: 25/49 levels left

rFire   . . .      SeeInvis .     - Unarmed
rCold   . . .      Faith    .   (shield currently unavailable)
rNeg    . . .      Spirit   +   (armour currently unavailable)
rPois   ∞          Reflect  .   (helmet currently unavailable)
rElec   +          Harm     .   (cloak currently unavailable)
rCorr   .          Rampage  .   (gloves currently unavailable)
Will    ++...                   (boots currently unavailable)
Stlth   ++++......              E - amulet of the Jackalope {Spirit Contam Drain Dex+8 Stlth+}
HPRegen 0.32/turn               g - +4 ring of protection
MPRegen 0.28/turn               J - +4 ring of protection

@: storm-form, heroic, wereblooded, flying, studying Bows
A: cleaving, flying
}: 2/15 runes: decaying, serpentine
a: Blinkbolt, End Transformation, Renounce Religion, Heroism, Finesse, Duel


You were on level 5 of the Vaults.
You worshipped Okawaru.
Okawaru was exalted by your worship.
You were a lightning-filled tempest!
You visited 8 branches of the dungeon, and saw 41 of its levels.
You also visited: Gauntlet and Volcano.

You collected 5227 gold pieces.
You spent 3075 gold pieces at shops.

Inventory:

Missiles
 y - 2 curare-tipped darts
Armour
 e - a +2 pair of gloves (melded)
 k - a +2 cloak (melded)
 m - a +2 pair of boots (melded)
 T - a +2 helmet of intelligence (melded)
 V - a +2 robe of the Archmagi (melded)
Jewellery
 a - a ring of see invisible
 f - an amulet of regeneration
 g - a +4 ring of protection (left fist)
 j - the ring of Disaster {Wiz +Blink rElec Str+3}
   (You found it in a Gauntlet)

   [ring of wizardry]

   It improves your spell success rate.
   Str:       It affects your strength (+3).
   rElec:     It insulates you from electricity.
   +Blink:    It lets you blink.
 p - a ring of protection from fire
 z - a ring of positive energy
 B - the ring "Golarhid" {Will++ SInv}
   (You found it on level 2 of the Depths)

   [ring of see invisible]

   SInv:      It lets you see invisible.
   Will:      It greatly increases your willpower.
 E - the amulet of the Jackalope (around neck) {Spirit Contam Drain Dex+8 Stlth+}
   (You bought it in a shop on level 3 of the Snake Pit)

   [amulet of guardian spirit]

   It causes incoming damage to be divided between your reserves of health and
   magic.
   Dex:       It affects your dexterity (+8).
   Contam:    It causes magical contamination when unequipped.
   Drain:     It drains your maximum health when unequipped.
   Stlth:     It makes you more stealthy.
 J - a +4 ring of protection (right fist)
 N - a ring of willpower
 S - a ring of resist corrosion
 Y - the ring of Haxzehyi {rC+ Int+5 Dex+2}
   (You found it on level 6 of the Lair of Beasts)

   [ring of protection from cold]

   Int:       It affects your intelligence (+5).
   Dex:       It affects your dexterity (+2).
   rC:        It protects you from cold.
Wands
 r - a wand of digging (10)
 C - a wand of flame (102)
 K - a wand of iceblast (32)
 U - a wand of paralysis (10)
 W - a wand of acid (9)
Scrolls
 i - 7 scrolls of immolation
 o - 5 scrolls of amnesia
 q - 5 scrolls of fog
 t - a scroll of enchant armour
 u - 6 scrolls of blinking
 w - 7 scrolls of silence
 x - 18 scrolls of teleportation
 A - 4 scrolls of fear
 H - 3 scrolls of vulnerability
 L - a scroll of torment
 Q - 4 scrolls of magic mapping
 R - a scroll of holy word
Potions
 b - a potion of ambrosia
 c - 10 potions of curing
 d - 2 potions of berserk rage
 h - 5 potions of resistance
 l - 3 potions of magic
 n - 9 potions of attraction
 v - 2 potions of flight
 D - 8 potions of mutation
 F - 5 potions of cancellation
 G - 8 potions of lignification
 I - 5 potions of might
 M - 3 potions of haste
 O - 7 potions of brilliance
 X - 6 potions of invisibility
 Z - 3 potions of heal wounds
Miscellaneous
 P - a condenser vane


   Skills:
 - Level 12.0(17.0) Fighting
 + Level 21.6(26.6) Dodging
 * Level 21.4(26.4) Unarmed Combat
 - Level 14.0 Spellcasting
 - Level 16.0 Transmutations
 - Level 16.0 Air Magic
 - Level 4.0 Poison Magic
 - Level 9.1 Invocations


You had 25 spell levels left.
You knew the following spells:

 Your Spells              Type           Power      Damage    Failure   Level
a - Airstrike             Air            41%        N/A       1%          4
c - Wereblood             Tmut           83%        N/A       0%          2
d - Passwall              Tmut/Erth      49%        N/A       1%          2
e - Storm Form            Tmut/Air       41%        N/A       3%          7
f - Swiftness             Air            83%        N/A       0%          3
g - Blink                 Tloc           38%        N/A       4%          2
h - Ice Form              Ice/Tmut       59%        N/A       1%          4

Your spell library contained the following spells:

 Spells                   Type           Power      Damage    Failure   Level
 Beastly Appendage        Tmut           100%       N/A       0%          1
 Shock                    Conj/Air       100%       1d9       1%          1
 Spider Form              Tmut/Pois      66%        N/A       1%          3
 Petrify                  Tmut/Erth      59%        N/A       1%          4
 Foxfire                  Conj/Fire      76%        2x1d7     2%          1
 Magic Dart               Conj           76%        1d6       2%          1
 Pain                     Necr           76%        1d7       2%          1
 Sandblast                Erth           38%        2d10      2%          1
 Ensorcelled Hibernation  Hex/Ice        38%        N/A       4%          2
 Searing Ray              Conj           38%        2d5       4%          2
 Conjure Flame            Conj/Fire      19%        6-21      8%          3
 Dazzling Flash           Conj/Hex       38%        N/A       8%          3
 Frozen Ramparts          Ice            38%        1d5       8%          3
 Gell's Gravitas          Tloc           19%        N/A       8%          3
 Inner Flame              Hex/Fire       19%        N/A       8%          3
 Lesser Beckoning         Tloc           19%        N/A       8%          3
 Ozocubu's Armour         Ice            19%        N/A       8%          3
 Stone Arrow              Conj/Erth      38%        3d9       8%          3
 Teleport Other           Tloc           19%        N/A       8%          3
 Vampiric Draining        Necr           19%        2d7       8%          3
 Freezing Cloud           Conj/Ice/Air   24%        6-21      9%          5
 Statue Form              Tmut/Erth      39%        N/A       16%         6
 Flame Wave               Conj/Fire      19%        2d6       26%         4
 Fulminant Prism          Conj/Hex       9%         3d7       26%         4
 Iskenderun's Mystic Bla  Conj/Tloc      19%        2d6       26%         4
 Leda's Liquefaction      Hex/Erth       9%         N/A       26%         4
 Lee's Rapid Deconstruct  Erth           9%         3d8*      58%         5
 Manifold Assault         Tloc           19%        N/A       58%         5
 Metabolic Englaciation   Hex/Ice        9%         N/A       58%         5
 Dispersal                Tloc           9%         N/A       99%         6
 Starburst                Conj/Fire      9%         6d5       99%         6
 Chain Lightning          Conj/Air       29%        3d39      100%        9
 Fire Storm               Conj/Fire      9%         8d3       100%        9
 Polar Vortex             Ice            9%         N/A       100%        9
 Shatter                  Erth           9%         3d11*     100%        9
 Animate Skeleton         Necr           Unusable   N/A       N/A         1
 Summon Ice Beast         Ice/Summ       Unusable   N/A       N/A         4
 Simulacrum               Ice/Necr       Unusable   N/A       N/A         6

Dungeon Overview and Level Annotations

Branches:
Dungeon (15/15)            Temple (1/1) D:5            Lair (6/6) D:9
  Swamp (4/4) Lair:4        Snake (4/4) Lair:3        Slime (0/5) Lair:5
    Orc (2/2) D:10            Elf (0/3) Orc:2        Vaults (5/5) D:14
  Crypt (0/3) Vaults:2     Depths (4/4) D:15            Zot (0/5) Depths:4
Volcano (visited)         Gauntlet (visited)

Altars:
Ashenzari
Cheibriados
Dithmenos
Elyvilon
Fedhas
Gozag
Hepliaklqana
Kikubaaqudgha
Makhleb
Nemelex Xobeh
Okawaru
Qazlal
Ru
Sif Muna
Trog
Uskayaw
Vehumet
Wu Jian
Xom
Yredelemnul
Zin
The Shining One
Jiyva
Lugonu

Shops:
D:7 =   D:12 (   Orc:2 =(*[   Snake:3 =:=   Snake:4 =![   Vaults:1 *
Vaults:2 [(**   Depths:1 (??:

Portals:
Hell: Depths:1 Depths:2 Depths:3 Depths:4
Abyss: Lair:6 Depths:1 Depths:3
Pandemonium: Depths:2
Ziggurat: Depths:3

Annotations:
D:6 2 transporters, Nattefrost's ghost, novice GnBr
D:12 2 runed translucent doors, inmateoo's ghost, journeyman DECj
Depths:3 1 transporter


Message History

You blast the ironbound convoker!!!
You feel a bit better.
You kill the ironbound convoker!
Okawaru accepts your kill.
You blast the vault sentinel!!!!
You feel a bit better.
You kill the vault sentinel!
Okawaru accepts your kill.
You bellow as the wereblood boils in your veins!
You batter the golden dragon!! You punch the golden dragon!
The golden dragon is moderately wounded.
You hit the golden dragon but do no damage.
The golden dragon is moderately wounded.
The golden dragon completely misses you. x2
The golden dragon tramples you.
You are shoved backwards!
You blast the golden dragon!!!
You punch the golden dragon, but do no damage.
The golden dragon is almost dead.
You blast the golden dragon!!!
You feel a bit better.
You kill the golden dragon!
Okawaru accepts your kill.
You bellow as the wereblood boils in your veins!
The titan hits you!!!
* * * LOW HITPOINT WARNING * * *
You see here a golden dragon corpse.
Unknown command.
You batter the titan!! You punch the titan.
The titan is moderately wounded.
The titan waves its arms in wide circles.
The air twists around and strikes you!!
* * * LOW HITPOINT WARNING * * *
You feel much better.
A vault sentinel comes into view. It is wielding a +0 morningstar.
The ironbound convoker misses you. The titan hits you!!!
* * * LOW HITPOINT WARNING * * *
Unknown command.
You feel much better.
The ironbound convoker casts a spell at the titan.
The titan seems to grow stronger.
The vault sentinel blows a loud note on a signal horn!
The titan hits you!!!
You die...

##########*****************
#.?......,,,,,,,,,,,,,,,,,,
#......,,,,,,,,,,,,,,,,,,,,
#....#####################*
#.....##)))))))..........##
#..#..#..#############....#
#..##...eCv[)........##....
#..###...p##########..#..#.
#..##...###........##.##.#,
#..##.p##...######..#.)#.#,
#..##..#..###....##(##.#.#,
#..##..#.##...##}##..#.#.#,
#..#...#.#..###..)##.#.#.#,
#..#...#.#.###[.).(#.#.#.#,
#..#...#.#.#.(...?[..#.#.#,


You could see a titan (strong), a deep elf annihilator (strong), a vault
sentinel (catching breath) and an ironbound convoker.

Vanquished Creatures
  Sojobo (Depths:3)
  Saint Roka (Snake:4)
  Bai Suzhen (Snake:3)
  Vashnia (Snake:2)
  2 golden dragons
  Jory (Depths:4)
  A bone dragon (Depths:4)
  A Tzitzimitl (Depths:2)
  The ghost of contendunt the Acrobat, an adept MiFi of Okawaru (Swamp:2)
  Rupert (Orc:2)
  2 tentacled monstrosities
  2 quicksilver dragons (Snake:4)
  2 sphinxes
  2 ancient champions (Vaults:2)
  2 Executioners (Depths:2)
  4 tengu reavers
  4 shadow dragons
  Kirke (Lair:4)
  A storm dragon (Vaults:5)
  Roxanne (Swamp:4)
  10 fire giants
  A fenstrider witch (Swamp:2)
  6 nagarajas
  2 draconian monks (Depths:4)
  6 frost giants
  4 orc warlords
  A balrug (Depths:3)
  2 spectral juggernauts (Depths:2)
  7 vault wardens
  Louise (Snake:4)
  4 deep elf sorcerers (Vaults:5)
  Aizul (Snake:3)
  A draconian annihilator (Depths:4)
  An iron dragon (Depths:1)
  2 juggernaut zombies (Depths:2)
  A caustic shrike zombie (Depths:2)
  A curse skull (Vaults:2)
  4 reapers
  26 very ugly things
  A juggernaut skeleton (Depths:2)
  18 ironbound preservers
  6 ironbound thunderhulks
  A caustic shrike skeleton (D:15)
  14 stone giants
  2 spriggan defenders (Depths:4)
  2 eleionomae
  A vampire knight (Depths:2)
  3 dire elephants (Vaults:3)
  A deep elf annihilator (Vaults:4)
  An entropy weaver (Vaults:2)
  Azrael (D:15)
  2 red draconians
  A dire elephant (shapeshifter) (Depths:3)
  A minotaur (Gauntlet)
  2 white draconians (Depths:4)
  A purple draconian (Depths:4)
  5 deep elf death magi
  6 bunyips
  A green death (Gauntlet)
  A spectral golden dragon (Depths:2)
  3 spectral quicksilver dragons (Depths:2)
  4 crystal guardians
  A quicksilver dragon zombie (Depths:2)
  5 ettins
  2 shambling mangroves (Swamp:4)
  7 great orbs of eyes
  Erolcha (D:11)
  7 fire dragons
  7 naga warriors
  3 rakshasas
  8 yaktaur captains
  4 salamander tyrants
  18 hydras
  9 ice dragons
  2 ghost crabs (Swamp:4)
  3 peacekeepers
  A hell beast (Depths:1)
  37 vault guards
  6 spriggan air magi
  4 boulder beetles
  2 catoblepae (D:14)
  3 ogre magi
  11 ironbound frosthearts
  A spriggan skeleton (Depths:3)
  Erica (D:10)
  13 two-headed ogres
  7 centaur warriors
  12 alligators
  23 death yaks
  10 anacondas
  A death knight (D:14)
  A deep troll shaman (Depths:1)
  2 vampire magi
  4 deep troll earth magi
  8 tengu warriors
  A hell hog (Depths:1)
  Urug (D:11)
  4 spriggan berserkers
  4 orc high priests (Orc:2)
  4 shock serpents
  3 thrashing horrors (Lair:6)
  13 naga sharpshooters
  A storm dragon zombie (Depths:2)
  21 hell knights
  8 skeletal warriors
  3 iron trolls
  5 goliath frogs
  A sea snake (Snake:3)
  A steelbarb worm (shapeshifter) (Lair:6)
  2 flayed ghosts (Depths:2)
  A salamander mystic (Snake:2)
  54 deep trolls
  2 glowing orange brains (shapeshifter)
  A quicksilver dragon simulacrum (Depths:1)
  3 naga ritualists
  13 swamp dragons
  2 tengu zombies
  3 glowing orange brains
  A spriggan druid (Swamp:4)
  18 ironbound convokers
  2 golden dragon zombies (Depths:2)
  An obsidian statue (Vaults:2)
  7 wizards
  10 bog bodies
  2 phantasmal warriors
  A sphinx zombie (Depths:2)
  14 lindwurms
  3 harpies (Vaults:2)
  An orange crystal statue (D:10)
  3 orc sorcerers (Orc:2)
  13 necromancers
  9 orc knights
  Pikel (D:6)
  6 mana vipers
  37 ugly things
  A tengu skeleton (Depths:2)
  5 will-o-the-wisps
  A spectral ettin (Depths:2)
  14 salamanders
  An iron dragon skeleton (Depths:3)
  A faun (shapeshifter) (Lair:6)
  4 manticores (D:14)
  13 elephants
  13 cyclopes
  29 black mambas
  A molten gargoyle (Depths:3)
  4 guardian serpents
  An orange demon (Gauntlet)
  Maggie (D:7)
  A smoke demon (Lair:6)
  11 naga magi
  14 vault sentinels
  A rust devil (Gauntlet)
  A storm dragon simulacrum (Depths:2)
  3 torpor snails
  12 cane toads
  9 komodo dragons
  A rime drake (shapeshifter) (D:13)
  An unseen horror (D:11)
  A tengu conjurer (Gauntlet)
  3 tormentors (Depths:2)
  2 rime drakes (Lair:6)
  21 yaktaurs
  A spectral glowing shapeshifter (Depths:2)
  2 ancient zymes (Lair:6)
  10 tyrant leeches
  A polar bear (Lair:6)
  10 trolls
  A raiju (shapeshifter) (Lair:6)
  14 hornets
  An iron dragon simulacrum (Depths:2)
  A sphinx simulacrum (Depths:2)
  33 blink frogs
  2 tengu simulacra
  24 slime creatures
  12 dream sheep
  A spriggan (shapeshifter) (Vaults:3)
  A human simulacrum (Vaults:4)
  An ettin skeleton (Vaults:4)
  A culicivora (shapeshifter) (D:14)
  2 jumping spiders (Vaults:2)
  8 spriggans
  3 ynoxinuls
  41 yaks
  3 wraiths
  3 fire bats (Lair:4)
  A wyvern (Lair:3)
  6 fire elementals (D:15)
  5 humans (Lair:4)
  A steam dragon (D:9)
  9 basilisks
  A chaos spawn (Lair:6)
  A redback (Vaults:2)
  11 vampire mosquitoes
  A hog (Lair:4)
  6 wargs
  Menkaure (D:7)
  26 nagas
  3 acid dragons
  2 hell hounds (D:15)
  15 swamp worms
  10 water moccasins
  6 swamp drakes (Swamp:4)
  A floating eye (Depths:3)
  3 ice beasts
  46 orc warriors
  An ettin simulacrum (Vaults:4)
  2 large abominations (Lair:6)
  3 necrophages
  4 black bears
  A human zombie (Vaults:4)
  A black bear (shapeshifter) (D:15)
  6 ogres
  23 wolves
  13 centaurs
  3 kobold brigands
  A phantom (D:5)
  15 small abominations (Lair:6)
  13 bullfrogs
  2 gnoll sergeants (D:10)
  A glowing shapeshifter simulacrum (Depths:2)
  A hornet simulacrum (D:14)
  A water moccasin skeleton (D:5)
  5 killer bees (D:9)
  2 howler monkeys
  8 wights
  4 electric eels
  2 vampire bats (Orc:2)
  4 lava snakes
  A bullfrog zombie (D:6)
  4 centaur zombies
  9 hounds
  17 orc priests
  3 jellies
  Crazy Yiuf (D:2)
  A gnoll shaman (D:4)
  2 centaur skeletons
  2 iron imps (Gauntlet)
  Jessica (D:3)
  Terence (D:2)
  2 iguanas
  25 orc wizards
  A scorpion zombie (D:5)
  2 killer bee zombies (D:6)
  A hound zombie (D:5)
  A hound skeleton (D:4)
  A howler monkey zombie (D:9)
  13 gnolls
  7 adders
  2 howler monkey skeletons
  3 river rats (Lair:3)
  A shadow imp (D:8)
  3 white imps (Lair:5)
  An ufetubus (D:5)
  2 adder zombies (D:5)
  A worm (D:2)
  4 dart slugs
  83 orcs
  7 ball pythons
  12 endoplasms
  2 giant cockroaches
  9 hobgoblins
  16 jackals
  16 kobolds
  6 quokkas
  9 bats
  3 frilled lizards
  5 goblins
  4 rats
1596 creatures vanquished.

Vanquished Creatures (others)
  A spriggan skeleton (D:15)
  A vampire mage (Depths:2)
  A tengu warrior (D:15)
  A golden dragon skeleton (D:15)
  A sphinx zombie (D:15)
  A black mamba (Snake:4)
  2 bloated husks
  2 centaur simulacra
  A vampire mosquito (Swamp:1)
  A swamp drake (Swamp:4)
  A meliai simulacrum (D:12)
  An orc warrior (Orc:2)
  An orc (Orc:2)
  3 demonic plants (Gauntlet)
  18 foxfires
  37 fungi
  54 plants
  17 withered plants (D:15)
144 creatures vanquished.

Grand Total: 1740 creatures vanquished

Notes
Turn   | Place    | Note
-------+----------+-------------------------------------------
     0 | D:1      | sanka the Deep Elf Transmuter began the quest for the Orb.
     0 | D:1      | Reached XP level 1. HP: 11/11 MP: 6/6
   325 | D:1      | Reached XP level 2. HP: 9/16 MP: 7/9
  1256 | D:1      | Found a faded altar of an unknown god.
  1271 | D:1      | Reached XP level 3. HP: 17/20 MP: 11/11
  1540 | D:2      | Found a blossoming altar of Fedhas.
  1695 | D:2      | Reached skill level 5 in Spellcasting
  2007 | D:2      | Learned a level 3 spell: Spider Form
  2081 | D:2      | Found a runed translucent door.
  2082 | D:2      | Noticed Crazy Yiuf
  2205 | D:2      | Noticed Terence
  2219 | D:2      | Killed Terence
  2220 | D:2      | Reached XP level 4. HP: 20/24 MP: 9/13
  2450 | D:2      | Killed Crazy Yiuf
  2451 | D:2      | Reached skill level 1 in Poison Magic
  2673 | D:3      | Noticed Jessica
  2728 | D:3      | Killed Jessica
  2729 | D:3      | Reached XP level 5. HP: 28/28 MP: 11/15
  3196 | D:3      | Found a bloodstained altar of Trog.
  3488 | D:3      | Learned a level 2 spell: Wereblood
  3524 | D:4      | Reached XP level 6. HP: 23/33 MP: 14/17
  3674 | D:4      | Reached skill level 5 in Transmutations
  4052 | D:5      | Entered Level 5 of the Dungeon
  4053 | D:5      | Found a burning altar of Makhleb.
  4172 | D:5      | Reached XP level 7. HP: 24/37 MP: 16/18
  4568 | D:5      | Found a staircase to the Ecumenical Temple.
  4607 | Temple   | Entered the Ecumenical Temple
  4773 | Temple   | Became a worshipper of Warmaster Okawaru
  4796 | D:5      | Noticed a yak
  4796 | D:5      | Noticed a yak
  4796 | D:5      | Noticed a yak
  4802 | D:5      | Noticed a yak
  4804 | D:5      | Noticed a yak
  4806 | D:5      | Noticed a yak
  4817 | D:5      | Killed a yak
  4826 | D:5      | Killed a yak
  4827 | D:5      | Reached skill level 1 in Fighting
  4827 | D:5      | Reached XP level 8. HP: 40/43 MP: 14/19
  4836 | D:5      | Reached * piety under Okawaru
  4927 | D:5      | Reached ** piety under Okawaru
  4960 | D:5      | Reached skill level 1 in Invocations
  4986 | D:5      | Reached skill level 5 in Dodging
  4986 | D:5      | Reached skill level 5 in Unarmed Combat
  4986 | D:5      | Reached XP level 9. HP: 38/50 MP: 14/20
  5046 | D:5      | Learned a level 2 spell: Passwall
  5054 | D:5      | Learned a level 7 spell: Storm Form
  5388 | D:6      | Noticed Pikel
  5398 | D:6      | Killed Pikel
  5398 | D:6      | Reached *** piety under Okawaru
  5486 | D:6      | Found a transporter.
  5488 | D:6      | Noticed Nattefrost's ghost (novice GnBr)
  5491 | D:6      | Found a transporter.
  5563 | D:6      | Found a white marble altar of Elyvilon.
  5619 | D:6      | Noticed Menkaure
  5679 | D:7      | Killed Menkaure
  6417 | D:6      | Identified the +1 ring mail of Oqaehab {+Blink rPois}
  6903 | D:7      | Reached XP level 10. HP: 47/56 MP: 12/21
  7129 | D:7      | Reached **** piety under Okawaru
  7154 | D:7      | Found Qullecep's Jewellery Shop.
  7163 | D:7      | Noticed Maggie
  7183 | D:7      | Killed Maggie
  7747 | D:8      | Received a gift from Okawaru
  9508 | D:9      | Found a staircase to the Lair.
  9587 | D:9      | Noticed a two-headed ogre
  9600 | D:9      | Killed a two-headed ogre
  9601 | D:9      | Reached XP level 11. HP: 61/61 MP: 17/22
  9912 | D:10     | Entered Level 10 of the Dungeon
  9918 | D:10     | Noticed a two-headed ogre
  9943 | D:10     | Killed a two-headed ogre
 10040 | D:7      | Bought a +4 ring of evasion for 576 gold pieces
 10136 | D:10     | Noticed an orange crystal statue
 10251 | D:10     | Reached skill level 5 in Invocations
 10326 | D:10     | Found a staircase to the Orcish Mines.
 10448 | D:10     | Reached ***** piety under Okawaru
 10745 | D:10     | Reached skill level 10 in Unarmed Combat
 10880 | D:10     | Noticed Erica
 11036 | D:10     | Found a sacrificial altar of Ru.
 11039 | D:10     | Found a snail-covered altar of Cheibriados.
 11039 | D:10     | Found a shimmering altar of Xom.
 11409 | D:11     | Noticed a boulder beetle
 11425 | D:11     | Killed a boulder beetle
 11469 | D:11     | Noticed a two-headed ogre
 11486 | D:11     | Killed a two-headed ogre
 11487 | D:11     | Reached skill level 5 in Fighting
 11515 | D:11     | Reached skill level 10 in Dodging
 11550 | D:11     | Noticed Urug
 11566 | D:11     | Killed Urug
 11754 | D:11     | Identified the +7 crystal plate armour of Liberty {+Blink
                  | rElec Will+++ Dex-4} (Okawaru gifted it to you on level 11
                  | of the Dungeon)
 11754 | D:11     | Received a gift from Okawaru
 11864 | D:11     | Identified the +1 robe of the Albatross {rPois Will++ Str+2
                  | Dex-2}
 11906 | D:11     | Reached skill level 1 in Air Magic
 12136 | D:11     | Noticed Erolcha
 12163 | D:11     | Killed Erolcha
 12164 | D:11     | Reached XP level 12. HP: 70/70 MP: 14/23
 12467 | D:11     | Learned a level 3 spell: Swiftness
 12470 | D:11     | Learned a level 2 spell: Blink
 12511 | Lair:1   | Entered Level 1 of the Lair of Beasts
 12533 | Lair:1   | Noticed a five-headed hydra
 12545 | Lair:1   | Killed a five-headed hydra
 13150 | Lair:1   | Noticed a five-headed hydra
 13165 | Lair:1   | Killed a five-headed hydra
 13166 | Lair:1   | Reached skill level 10 in Transmutations
 13563 | Lair:2   | Noticed an eight-headed hydra
 13729 | Lair:3   | Found a gate leading to a gauntlet.
 13747 | Gauntlet | Entered a Gauntlet
 13747 | Gauntlet | Found a transporter.
 13747 | Gauntlet | Found a transporter.
 13747 | Gauntlet | Found a transporter.
 13748 | Gauntlet | Found a transporter.
 13749 | Gauntlet | Found a transporter.
 13752 | Gauntlet | Found a transporter.
 13755 | Gauntlet | Noticed a tengu warrior
 13760 | Gauntlet | Found a transporter.
 13761 | Gauntlet | Found a transporter.
 13763 | Gauntlet | Found a transporter.
 13763 | Gauntlet | Found a transporter.
 13765 | Gauntlet | Noticed a green death
 13771 | Gauntlet | Found a transporter.
 13771 | Gauntlet | Found a transporter.
 14054 | Gauntlet | Identified the ring of Disaster {Wiz +Blink rElec Str+3}
 14085 | Gauntlet | Killed a tengu warrior
 14091 | Gauntlet | Reached skill level 5 in Air Magic
 14135 | Gauntlet | Learned a level 4 spell: Ice Form
 14142 | Gauntlet | Killed a green death
 14199 | Gauntlet | Identified the +2 shadow dragon scales of Polytheism {rF-
                  | Will+ Regen+ Str+7 Int-2 Stlth++++}
 14199 | Gauntlet | Identified the +13 tower shield "Esenax" {rElec rPois Str-2
                  | SInv}
 14199 | Gauntlet | Noticed a minotaur
 14256 | Gauntlet | HP: 1/70 [minotaur (4)]
 14270 | Gauntlet | Killed a minotaur
 14427 | Lair:3   | Found a staircase to the Snake Pit.
 14427 | Lair:3   | Noticed a death yak
 14427 | Lair:3   | Noticed a death yak
 14427 | Lair:3   | Noticed a death yak
 14430 | Lair:3   | Noticed a death yak
 14474 | Lair:3   | Killed a death yak
 14476 | Lair:3   | Identified the +1 chain mail "Onuxiu" {*Slow rElec rPois
                  | SInv} (Okawaru gifted it to you on level 3 of the Lair of
                  | Beasts)
 14476 | Lair:3   | Received a gift from Okawaru
 14491 | Lair:3   | Killed a death yak
 14509 | Lair:3   | Noticed a seven-headed hydra
 14659 | Lair:2   | Reached XP level 13. HP: 46/74 MP: 22/27
 16488 | Lair:4   | Found a blossoming altar of Fedhas.
 16540 | Lair:4   | Reached skill level 10 in Air Magic
 16597 | Lair:4   | Found a staircase to the Swamp.
 16801 | Lair:4   | Noticed Kirke
 16828 | Lair:4   | Noticed a sphinx
 16829 | Lair:4   | Killed Kirke
 17429 | Lair:4   | Received a gift from Okawaru
 17798 | Lair:5   | Reached XP level 14. HP: 80/80 MP: 25/28
 18625 | Lair:5   | Found a runed translucent door.
 18626 | Lair:5   | Found a viscous altar of Jiyva.
 18647 | Lair:5   | Found a staircase to the Slime Pits.
 18959 | Lair:6   | Entered Level 6 of the Lair of Beasts
 19166 | Lair:6   | Identified the +0 kite shield of Integrity {Fly rElec
                  | Int-5} (Okawaru gifted it to you on level 6 of the Lair of
                  | Beasts)
 19166 | Lair:6   | Received a gift from Okawaru
 19207 | Lair:6   | Reached skill level 10 in Spellcasting
 19435 | Lair:6   | Identified the ring of Haxzehyi {rC+ Int+5 Dex+2}
 19514 | Lair:6   | Found a corrupted altar of Lugonu.
 19514 | Lair:6   | Found a one-way gate to the infinite horrors of the Abyss.
 19524 | Lair:6   | Reached XP level 15. HP: 66/84 MP: 31/31
 20357 | Orc:1    | Entered Level 1 of the Orcish Mines
 20363 | Orc:1    | Noticed an orc warlord
 20380 | Orc:1    | Killed an orc warlord
 20634 | Orc:1    | Found a dark tunnel.
 20654 | Volcano  | Entered a volcano
 20691 | Volcano  | Received a gift from Okawaru
 20694 | Volcano  | Found a burning altar of Makhleb.
 21178 | Orc:2    | Entered Level 2 of the Orcish Mines
 21185 | Orc:2    | Noticed Rupert
 21198 | Orc:2    | Killed Rupert
 21487 | Orc:2    | Found a staircase to the Elven Halls.
 21894 | Orc:2    | Noticed an orc warlord
 21994 | Orc:2    | Killed an orc warlord
 22015 | Orc:2    | Received a gift from Okawaru
 22581 | Orc:2    | Found Geosaam's Antique Armour Shoppe.
 22625 | Orc:2    | Found Vumugu's General Store.
 22625 | Orc:2    | Found Fockaf's Jewellery Emporium.
 22627 | Orc:2    | Found Veuhol's Antique Weapon Shoppe.
 22705 | Orc:2    | Bought a potion of invisibility for 80 gold pieces
 22705 | Orc:2    | Bought a scroll of fear for 35 gold pieces
 22877 | D:10     | Killed Erica
 23297 | D:12     | Noticed inmateoo's ghost (journeyman DECj)
 23298 | D:12     | Noticed a lich
 23300 | D:12     | Noticed a fire giant
 23319 | D:12     | Found Gaung's Antique Weapon Boutique.
 23796 | D:12     | Found a runed translucent door.
 23807 | D:12     | Found a runed translucent door.
 24635 | D:14     | Found a shimmering altar of Xom.
 24637 | D:14     | Found a shimmering altar of Xom.
 24637 | D:14     | Found a shimmering altar of Xom.
 24639 | D:14     | Found a shimmering altar of Xom.
 24724 | D:14     | Reached skill level 15 in Transmutations
 24733 | D:14     | Received a gift from Okawaru
 24894 | D:14     | Reached skill level 15 in Air Magic
 24947 | D:14     | Found a gate to the Vaults.
 25152 | D:14     | Reached XP level 16. HP: 90/90 MP: 25/34
 25987 | Orc:2    | Upgraded the game from 0.28-b1-25-g9875b3fc8c to 0.28.0
 26013 | Orc:2    | Bought a +4 ring of protection for 576 gold pieces
 26222 | D:15     | Entered Level 15 of the Dungeon
 26349 | D:15     | Noticed Azrael
 27132 | D:15     | Found a staircase to the Depths.
 27250 | D:15     | Killed Azrael
 27423 | D:15     | Found an ornate altar of the Wu Jian Council.
 27744 | Snake:1  | Entered Level 1 of the Snake Pit
 28503 | Snake:2  | Found a shadowy altar of Dithmenos.
 28652 | Snake:2  | Noticed Vashnia
 28664 | Snake:2  | Killed Vashnia
 28884 | Snake:2  | Received a gift from Okawaru
 29382 | Snake:3  | Reached ****** piety under Okawaru
 29610 | Snake:3  | Noticed Aizul
 29624 | Snake:3  | Killed Aizul
 30015 | Snake:3  | Reached XP level 17. HP: 97/97 MP: 29/37
 30133 | Snake:3  | Found Olihit's Jewellery Emporium.
 30134 | Snake:3  | Found Vuran's Book Boutique.
 30135 | Snake:3  | Found Nah Nieh's Jewellery Emporium.
 30238 | Snake:3  | Noticed Bai Suzhen
 30253 | Snake:3  | Killed Bai Suzhen
 30403 | Snake:3  | Bought the amulet of the Jackalope {Spirit Contam Drain
                  | Dex+8 Stlth+} for 953 gold pieces
 30631 | Snake:4  | Entered Level 4 of the Snake Pit
 30693 | Snake:4  | Noticed Saint Roka
 30723 | Snake:4  | Killed Saint Roka
 30814 | Snake:4  | Found Gearhaec's Armour Shoppe.
 30816 | Snake:4  | Found Bisik's Distillery.
 30818 | Snake:4  | Found Jollikhi's Jewellery Shoppe.
 30923 | Snake:4  | Bought a potion of resistance for 160 gold pieces
 31410 | Snake:4  | Received a gift from Okawaru
 32676 | Snake:4  | Noticed a quicksilver dragon
 32696 | Snake:4  | Noticed a quicksilver dragon
 32697 | Snake:4  | Killed a quicksilver dragon
 32702 | Snake:4  | Killed a quicksilver dragon
 32880 | Snake:4  | Identified the +10 great sword of Crusades {drain, *Noise
                  | rF+ Dex+4} (Okawaru gifted it to you on level 4 of the
                  | Snake Pit)
 32880 | Snake:4  | Received a gift from Okawaru
 33147 | Snake:4  | Got a serpentine rune of Zot
 33208 | Snake:4  | Noticed Louise
 33221 | Snake:4  | Killed Louise
 33418 | Swamp:1  | Entered Level 1 of the Swamp
 34017 | Swamp:2  | Noticed contendunt's ghost (adept MiFi)
 34017 | Swamp:2  | Found a runed translucent door.
 34555 | Swamp:2  | Received a gift from Okawaru
 34828 | Swamp:2  | Killed contendunt's ghost
 34917 | Swamp:3  | Reached XP level 18. HP: 105/105 MP: 38/38
 35513 | Swamp:4  | Entered Level 4 of the Swamp
 36014 | Swamp:4  | Noticed Roxanne
 36395 | Swamp:4  | Received a gift from Okawaru
 36525 | Swamp:4  | Reached skill level 10 in Fighting
 36546 | Swamp:4  | Got a decaying rune of Zot
 36641 | Swamp:4  | Identified the +3 scale mail "Dinn" {rC+}
 36851 | Swamp:4  | Identified the +6 scale mail "Caukedgh" {rElec rPois Regen+
                  | Int-3} (Okawaru gifted it to you on level 4 of the Swamp)
 36851 | Swamp:4  | Received a gift from Okawaru
 37154 | Swamp:4  | Killed Roxanne
 37456 | Vaults:1 | Entered Level 1 of the Vaults
 37823 | Vaults:1 | Found Burch's Assorted Antiques.
 37878 | Vaults:1 | Reached skill level 15 in Dodging
 38135 | Vaults:1 | Identified the +9 short sword of Moxzes {holy, rF+}
 38674 | Vaults:1 | Reached skill level 15 in Unarmed Combat
 39089 | Vaults:2 | Reached XP level 19. HP: 72/113 MP: 16/39
 39516 | Vaults:2 | Received a gift from Okawaru
 39605 | Vaults:2 | Identified the +0 buckler "Jikhath" {rN+} (Okawaru gifted
                  | it to you on level 2 of the Vaults)
 39605 | Vaults:2 | Received a gift from Okawaru
 39635 | Vaults:2 | Found a staircase to the Crypt.
 39757 | Vaults:2 | Found Qualetty's General Store.
 39761 | Vaults:2 | Bought a potion of heal wounds for 110 gold pieces
 39761 | Vaults:2 | Bought a scroll of enchant armour for 165 gold pieces
 39897 | Vaults:2 | Found Reteroth's Assorted Antiques.
 39902 | Vaults:2 | Bought a scroll of teleportation for 120 gold pieces
 39902 | Vaults:2 | Bought a scroll of blinking for 300 gold pieces
 40144 | Vaults:2 | Found Faed Koi's Antique Armour Boutique.
 40612 | Vaults:2 | Found Owotsih's Weapon Shop.
 41662 | Vaults:3 | Identified the +0 chain mail of the Fiddle {Harm Fly rElec}
                  | (Okawaru gifted it to you on level 3 of the Vaults)
 41662 | Vaults:3 | Received a gift from Okawaru
 43100 | Vaults:4 | Reached XP level 20. HP: 99/121 MP: 15/40
 43504 | Vaults:4 | Identified the +5 scale mail "Fotom Pif" {rElec rN+ Str+3}
                  | (Okawaru gifted it to you on level 4 of the Vaults)
 43504 | Vaults:4 | Received a gift from Okawaru
 43822 | Vaults:4 | Identified the +8 halberd of the Shrike {vorpal, Dex+3}
 44619 | Depths:1 | Entered Level 1 of the Depths
 45020 | Depths:1 | Learned a level 4 spell: Airstrike
 45049 | Depths:1 | Found a gateway to Hell.
 45238 | Depths:1 | Found Kuymiddo's Book Shoppe.
 45238 | Depths:1 | Found Varuxymu's Weapon Emporium.
 45239 | Depths:1 | Found Dotzamn's Magic Scroll Shoppe.
 45243 | Depths:1 | Found Suylocia's Magic Scroll Emporium.
 45617 | Depths:1 | Noticed a golden dragon
 45629 | Depths:1 | Killed a golden dragon
 45629 | Depths:1 | Identified the +0 chain mail of the Valley of Death {rPois}
                  | (Okawaru gifted it to you on level 1 of the Depths)
 45629 | Depths:1 | Received a gift from Okawaru
 46654 | Depths:2 | Found a one-way gate leading to the halls of Pandemonium.
 47061 | Depths:2 | Reached XP level 21. HP: 126/127 MP: 31/41
 47920 | Depths:2 | Found an ancient bone altar of Kikubaaqudgha.
 47934 | Depths:2 | Received a gift from Okawaru
 48355 | Depths:2 | Identified the +1 scale mail of the Harp {rElec}
 48633 | Depths:2 | Identified the ring "Golarhid" {Will++ SInv}
 48970 | Depths:2 | Identified the +11 mace of Exhibitionism {drain, rF- rCorr
                  | Dex+4}
 49222 | Depths:3 | Found a one-way gateway to a ziggurat.
 49433 | Depths:3 | Paralysed by a floating eye for 4 turns
 49581 | Depths:3 | Identified the +9 crystal plate armour of the Pit {rC+
                  | Str+4 Int+3 Stlth+} (Okawaru gifted it to you on level 3 of
                  | the Depths)
 49581 | Depths:3 | Received a gift from Okawaru
 49888 | Depths:3 | Found a stormy altar of Qazlal.
 50118 | Depths:3 | Noticed Sojobo
 50129 | Depths:3 | Killed Sojobo
 50348 | Depths:3 | You fall into a shaft and drop 1 floor!
 50348 | Depths:4 | Entered Level 4 of the Depths
 50600 | Depths:4 | Paralysed by a great orb of eyes for 4 turns
 50783 | Depths:3 | Found a transporter.
 51124 | Depths:4 | Noticed Jory
 51145 | Depths:4 | Killed Jory
 51391 | Depths:4 | Reached XP level 22. HP: 132/132 MP: 33/42
 51415 | Depths:4 | Received a gift from Okawaru
 51625 | Depths:4 | Found a gate to the Realm of Zot.
 52501 | Vaults:5 | Entered Level 5 of the Vaults
 52765 | Vaults:5 | Identified the +5 war axe of Discord {freeze, rN+}
 52779 | Vaults:5 | Identified the +2 scale mail of Sufficient Lucidity {Fly
                  | rElec}
 52913 | Vaults:5 | Received a gift from Okawaru
 53332 | Vaults:5 | Noticed a golden dragon
 53354 | Vaults:5 | Killed a golden dragon
 53357 | Vaults:5 | HP: 4/132 [titan (34)]
 53358 | Vaults:5 | Annihilated by a titan

Illustrated notes

Levels and vault maps discovered:
D:1:      dpeg_arrival_stone_temple_mockup, layout_basic,
          nicolae_ecumenical_lake_church
D:2:      layout_loops_ring, basic_altar, kennysheep_donut,
          kennysheep_generic_room_11, uniq_terence, uniq_crazy_yiuf_cottage
D:3:      layout_loops_ring, lemuel_coloured_pillars_altar,
          chequers_serial_rivers_micro_b, st_stairs_4, uniq_jessica
D:4:      layout_cave_pools
D:5:      minmay_chambers_of_threes, layout_cave_pools,
          mainiacjoe_overflow_small_starburst, minmay_temple_entry_trees,
          minmay_between
D:6:      layout_loops_corners, nicolae_elyvilon_peaceful_grove,
          gammafunk_ghost_arena, minmay_manual_mail, uniq_menkaure, uniq_pikel
D:7:      layout_loops_ring, minmay_shop_enchanted_jewellery,
          hangedman_decor_points, due_unseen_surprise, uniq_maggie
D:8:      layout_layer_cave
D:9:      minmay_goldmine, layout_basic, erik_lair_island
D:10:     layout_stronghold, grunt_temple_overflow_open, erik_orc_3,
          disabler_island, uniq_erica
D:11:     layout_layer_cave, uniq_urug, uniq_erolcha
D:12:     layout_loops_ring, serial_shops, nicolae_square_shop,
          muffindrake_ghost_dual_entry
D:13:     layout_roguey
D:14:     layout_roguey, skrybe_vaults_entry_preservation, xom_redecorated,
          glass_columns_c, minmay_the_grid_square_5x5_3x3_mashed
          [minmay_the_grid_square_5x5_gyroscope, minmay_the_grid_square_5x5_six,
          minmay_the_grid_square_5x5_dogpile, minmay_the_grid_square_5x5_tie,
          minmay_the_grid_square_5x5_megaprize_hollow,
          minmay_the_grid_square_5x5_n, minmay_the_grid_square_5x5_inner_v,
          minmay_the_grid_square_5x5_beaten_path,
          minmay_the_grid_square_5x5_tri_point]
D:15:     gammafunk_depths_entry_grave, layout_basic,
          nicolae_wu_jian_wuxing_cycle, minmay_diced_spiral, uniq_azrael
Temple:   nicolae_temple_elliptical
Lair:1:   layout_roguey
Lair:2:   layout_chaotic_city
Lair:3:   layout_regular_city, minmay_snake_entry_guardpost_small,
          gauntlet_entry_generic, pond
Lair:4:   layout_gridlike, skrybe_swamp_entry_bodies, basic_altar,
          beast_lair_carwin_1, uniq_kirke
Lair:5:   layout_layer_cave, slime_altar_2, bobbens_ice_dragon_lair,
          grunt_megastairs_2, lemuel_fruit_fields, lemuel_fruit_tree
Lair:6:   hellmonk_lair_end_abyssal_woods, layout_long_grid,
          infiniplex_staircase_pool
Swamp:1:  layout_basic_swamp, nicolae_swamp_oxbows
Swamp:2:  layout_basic_swamp, hellmonk_ghost_happy_afterlife,
          evilmike_swamp_ruin_rubble_1, swamp_pool4
Swamp:3:  layout_falls_marsh, evilmike_swamp_ruin_house_5, swamp_pool3,
          nicolae_swamp_stuck_in_the_mud
Swamp:4:  swamp_basic_johnstein, layout_basic_swamp, uniq_roxanne
Snake:1:  layout_layer_cave
Snake:2:  layout_layer_cave, basic_altar, serial_bayou_shore_b, uniq_vashnia
Snake:3:  layout_concentric_octagons, serial_bayou_ford_a, minmay_shop_grove,
          uniq_aizul, uniq_bai_suzhen
Snake:4:  hellmonk_snake_rune_quicksilver_temple, layout_chambers,
          minmay_shop_star, uniq_louise, uniq_saint_roka
Orc:1:    layout_diamond_mine, nicolae_volcano_entry_s_turn
Orc:2:    st_orc_congregation, layout_diamond_mine, roderic_batcave, uniq_rupert
Vaults:1: v_misc_18, grunt_vaults_bifocal, nicolae_vaults_disjoint_gnomons,
          ontoclasm_vaults_loading_screen, v_misc_10, vaults_room_octagon,
          hangedman_vaults_slice, vaults_mumra_hex, nicolae_vaults_alarming,
          v_misc_25, layout_vaults_maze_bifur, serial_shops, shop_coins
Vaults:2: nicolae_vaults_back_hallway, ontoclasm_vaults_gateway,
          nicolae_vaults_network_barrier, vaults_room_pools, vaults_dpeg_ring,
          ontoclasm_vaults_loading_screen, v_misc_3,
          nicolae_vaults_statue_guard, minmay_crypt_entry_simple_corners,
          vaults_room_semicircle, dpeg_vaults_monster_box,
          layout_vaults_chaotic_city, serial_shops, nicolae_shop_hallway_plus,
          nicolae_shop_bloodbath_and_beyond, shop, shop
Vaults:3: nicolae_vaults_diagonal_hallway_6, nicolae_vaults_little_squares_1,
          vaults_room_boxed, vaults_dpeg_diagonal, vaults_dpeg_hooks,
          grunt_vaults_funnel, vaults_room_semicircle, vaults_room_corners,
          layout_vaults_omnigrid
Vaults:4: v_misc_26, vaults_room_guarded_vault, hangedman_vaults_stitches,
          hangedman_vaults_stream, vaults_room_grid, ontoclasm_vaults_eye,
          vaults_room_grunt_arrival_checkpoint, grunt_vaults_twisty,
          serial_ice_h, vaults_room_hallway, v_misc_8,
          grunt_vaults_hallway_short, nicolae_vaults_little_ls,
          ontoclasm_vaults_idyll, layout_vaults_omnicross
Vaults:5
Depths:1: layout_gridville, abyss_entry, grunt_mini_vestibule, grunt_potential,
          minmay_shoptagon
Depths:2: evilmike_negative_zone, layout_cave_shapes,
          grunt_hell_entry_dis_grunt, pan_entry, minmay_misc_feat_plants,
          minmay_shattered_shrine, firewood_loft
Depths:3: emtedronai_trogs_sanctum, layout_cave_pools, enter_ziggurat_d,
          pf_dread_powers_of_hell, abyss_entry_small_statue_room,
          nicolae_qazlal_general_emergency, infiniplex_staircase_river,
          uniq_sojobo
Depths:4: evilmike_zot_entry_round, layout_basic, hell_entry, st_stairs_2,
          minmay_fountain_box, uniq_jory

Skill      XL: |  1  2  3  4  5  6  7  8  9 10 11 12 13 14 15 16 17 18 19 20 21 22 |
---------------+-------------------------------------------------------------------+-----
Spellcasting   | 4 5 6 8 10 12 14 | 14.0
Transmutations | 3 4 5 8 12 14 15 16 | 16.0
Poison Magic   | 1 2 4 |  4.0
Fighting       | 1 3 4 6 7 9 10 11 12 | 12.0
Dodging        | 3 5 7 8 10 11 12 13 15 17 19 20 21 | 21.6
Unarmed Combat | 3 5 7 9 10 11 13 15 16 18 20 21 | 21.4
Invocations    | 1 4 8 9 |  9.1
Air Magic      | 1 6 12 14 15 16 | 16.0

Action                   |  1- 3 |  4- 6 |  7- 9 | 10-12 | 13-15 | 16-18 | 19-21 | 22-24 || total
-------------------------+-------+-------+-------+-------+-------+-------+-------+-------++-------
Melee: Unarmed           |   139 |   155 |   363 |   811 |   977 |   997 |  1018 |   236 ||  4696
       Kick              |    40 |     9 |       |       |       |       |       |       ||    49
       Headbutt          |    20 |     7 |       |       |       |       |       |       ||    27
       Punch             |     2 |       |       |     3 |    63 |   117 |   190 |    58 ||   433
 Cast: Beastly Appendage |    33 |    10 |       |       |       |       |       |       ||    43
       Spider Form       |     1 |    17 |    39 |    66 |     4 |       |       |       ||   127
       Wereblood         |       |     1 |     9 |    18 |    21 |    10 |    12 |     2 ||    73
       Passwall          |       |       |     2 |       |       |       |       |       ||     2
       Ice Form          |       |       |       |     1 |    24 |       |       |       ||    25
       Storm Form        |       |       |       |       |    49 |    84 |    67 |    12 ||   212
       Airstrike         |       |       |       |       |       |       |       |     2 ||     2
Invok: Heroism           |       |       |    10 |    41 |    41 |    27 |    32 |     5 ||   156
       Finesse           |       |       |       |     4 |     3 |     1 |     4 |     1 ||    13
 Abil: End Transformatio |       |       |       |     1 |     1 |     2 |     1 |       ||     5
Evoke: Wand              |       |       |     1 |    15 |     7 |       |       |       ||    23
  Use: Potion            |       |       |     1 |    10 |     5 |     3 |     1 |     4 ||    24
       Scroll            |       |       |       |    20 |     4 |    13 |     3 |     1 ||    41
 Stab: Sleeping          |     1 |     1 |     1 |     3 |     1 |     1 |     6 |       ||    14
       Distracted        |       |       |       |     1 |       |       |       |     1 ||     2
       Petrified         |       |       |       |       |     6 |       |       |       ||     6
       Petrifying        |       |       |       |       |     1 |       |       |       ||     1
       Confused          |       |       |       |       |       |     1 |       |       ||     1
Armor: Robe              |    24 |     6 |     1 |       |     9 |     5 |     3 |       ||    48
       Skin              |       |     3 |    13 |    18 |   156 |   207 |   149 |    23 ||   569
Dodge: Dodged            |    71 |   173 |   382 |   991 |   897 |  1133 |  1072 |   195 ||  4914
